 Dungeon Crawl Stone Soup version 0.22-a0-392-g5dc3fd9 (webtiles) character file.

66 Collin1234 the Covered (level 4, -2/40 HPs)
             Began as a Hill Orc Fighter on May 1, 2018.
             Slain by an iguana (7 damage)
             ... on level 4 of the Dungeon.
             The game lasted 00:04:15 (1059 turns).

Collin1234 the Covered (Hill Orc Fighter)           Turns: 1059, Time: 00:04:16

Health: -2/40      AC:  4    Str: 18    XL:     4   Next: 15%
Magic:  4/4        EV:  9    Int:  9    God:
Gold:   57         SH:  9    Dex: 10    Spells: 3/3 levels left

rFire    . . .     SeeInvis .   a - +0 rapier
rCold    . . .     Gourm    .   c - +0 shield
rNeg     . . .     Faith    .   p - +0 leather armour
rPois    .         Spirit   .   (no helmet)
rElec    .         Reflect  .   (no cloak)
rCorr    .         Harm     .   o - +0 pair of gloves
MR       .....                  (no boots)
Stlth    +.........             (no amulet)
HPRegen  0.13/turn              (no ring)
MPRegen  0.09/turn              (no ring)

@: no status effects
A: no striking features
a: no special abilities


You were on level 4 of the Dungeon.
You were hungry.

You visited 1 branch of the dungeon, and saw 3 of its levels.

You collected 57 gold pieces.

Inventory:

Hand Weapons
 a - a +0 rapier (weapon)
Missiles
 i - 36 arrows
 j - 12 tomahawks (quivered)
 m - 8 stones
Armour
 b - a +0 scale mail
 c - a +0 shield (worn)
 k - a +0 scale mail
 o - a +0 pair of gloves (worn)
 p - a +0 leather armour (worn)
Scrolls
 e - a scroll of amnesia {unknown}
Potions
 d - a potion of might
 l - a potion of lignification
 q - a potion of agility {unknown}
Comestibles
 f - 2 rations


   Skills:
 + Level 4.1 Fighting
 + Level 2.4 Short Blades
 + Level 0.3 Throwing
 + Level 4.1 Armour
 + Level 0.3 Dodging
 + Level 3.9 Shields


You had 3 spell levels left.
You didn't know any spells.

Dungeon Overview and Level Annotations

Branches:
Dungeon (2/15)             Temple (0/1) D:4

Altars:


Message History

The iguana is moderately wounded.
The iguana barely misses you.
You hit the iguana.
The iguana is heavily wounded.
The iguana barely misses you.
You barely miss the iguana.
The iguana is heavily wounded.
The iguana misses you.
You hit the iguana.
The iguana is severely wounded.
The iguana bites you!
* * * LOW HITPOINT WARNING * * *
You closely miss the iguana.
The iguana is severely wounded.
The iguana bites you.
* * * LOW HITPOINT WARNING * * *
You hit the iguana.
The iguana is almost dead.
You block the iguana's attack. The iguana bites you!
You die...

######### ###
#........ ## #..
#........ ... #.#
#........ ....
#.# #........
..... #.#
#........
......##.###
#.....b..
......l@)..#
#........
.....###.#.#
#........ ...
#.#.#####........
.
#.#.....'........
#.#######........
#.# #.####### #.#
#.# #.. ..# ####


You could see an iguana.

Vanquished Creatures
  An orc wizard (D:4)
  4 dart slugs
  2 orcs (D:4)
  4 giant cockroaches
  4 goblins (D:1)
  2 quokkas
  5 bats
  3 frilled lizards
  4 kobolds
  2 rats
31 creatures vanquished.

Notes
Turn   | Place    | Note
-------+----------+-------------------------------------------
     0 | D:1      | Collin1234 the Hill Orc Fighter began the quest for the Orb.
     0 | D:1      | Reached XP level 1. HP: 19/19 MP: 1/1
   201 | D:1      | Reached XP level 2. HP: 12/27 MP: 2/2
   618 | D:1      | Reached XP level 3. HP: 29/33 MP: 3/3
   939 | D:2      | You fall through a shaft for 2 floors!
   939 | D:4      | Found a staircase to the Ecumenical Temple.
  1040 | D:4      | Reached XP level 4. HP: 25/40 MP: 4/4
  1059 | D:4      | Slain by an iguana

Vault maps used:
D:1:      onia_arrival_mini_spirals, grunt_decor_mini_mirrors
D:2:      gammafunk_temple_overflow_wave, lemuel_doored_altar
D:4:      old_standard_altar, nemelex_xobeh_ov_fountains_minmay,
          minmay_temple_entry_butterflies, serial_shops, nicolae_shop_crystal,
          uniq_menkaure, uniq_robin

Skill      XL: |  1  2  3 |
---------------+----------+-----
Armour         | 4 |  4.1
Fighting       | 4 |  4.1
Short Blades   | |  2.4
Throwing       | |  0.3
Dodging        | |  0.3
Shields        | |  3.9

Action                   |  1- 3 |  4- 6 || total
-------------------------+-------+-------++-------
Melee: Rapier            |    81 |    19 ||   100
Throw: Tomahawk          |    14 |       ||    14
  Use: Scroll            |     4 |       ||     4
Armor: Scale mail        |    32 |       ||    32
       Leather armour    |    12 |     3 ||    15
Dodge: Dodged            |    29 |     9 ||    38
Block: Shield            |    56 |     4 ||    60

Table legend:
 A = Spawn XP
 B = Non-spawn XP
 C = Spawn XP percentage of total XP
 D = Spawn monster count
 E = Non-spawn monster count
 F = Spawn count percentage of total count
 G = Total turns spent on level
                    A         B        C        D         E        F      G
               +---------+---------+-------+---------+---------+-------+---------
         Total |       0 |      95 |   0.0 |       0 |      31 |   0.0 |  1059
               +---------+---------+-------+---------+---------+-------+---------
           D:1 |       0 |      34 |   0.0 |       0 |      18 |   0.0 |   730
           D:2 |       0 |      10 |   0.0 |       0 |       6 |   0.0 |   209
           D:4 |       0 |      51 |   0.0 |       0 |       7 |   0.0 |   120
               +---------+---------+-------+---------+---------+-------+---------
